 Dungeon Crawl Stone Soup version 0.24-a0-500-g46574c2197 (webtiles) character file.

Game seed: 8947316642581615710

65 KristoblXynda the Covered (level 3, -7/31 HPs)
             Began as a Minotaur Fighter on July 15, 2019.
             Mangled by an ogre
             ... wielding a +0 giant spiked club
              (21 damage)
             ... on level 2 of the Dungeon.
             The game lasted 00:02:18 (1049 turns).

KristoblXynda the Covered (Minotaur Fighter)        Turns: 1049, Time: 00:02:19

Health: -7/31      AC:  9    Str: 21    XL:     3   Next: 92%
Magic:  2/2        EV:  7    Int:  5    God:
Gold:   61         SH:  9    Dex:  9    Spells: 2/2 levels left

rFire    . . .     SeeInvis .   a - +0 war axe
rCold    . . .     Gourm    .   c - +0 shield
rNeg     . . .     Faith    .   b - +0 scale mail
rPois    .         Spirit   .   (helmet restricted)
rElec    .         Reflect  .   (no cloak)
rCorr    .         Harm     .   o - +0 pair of gloves
MR       .....                  q - +0 pair of boots
Stlth    ..........             (no amulet)
HPRegen  0.10/turn              r - ring of flight
MPRegen  0.08/turn              (no ring)

@: no status effects
A: retaliatory headbutt, horns 2
a: Evoke Flight


You were on level 2 of the Dungeon.
You were hungry.

You visited 1 branch of the dungeon, and saw 2 of its levels.

You collected 61 gold pieces.

Inventory:

Hand Weapons
 a - a +0 war axe (weapon)
Armour
 b - a +0 scale mail (worn)
 c - a +0 shield (worn)
 o - a +0 pair of gloves (worn)
 q - a +0 pair of boots (worn)
Jewellery
 r - a ring of flight (left hand)
Scrolls
 e - 2 scrolls of teleportation {unknown}
 g - a scroll of remove curse {unknown}
 h - a scroll of enchant weapon {unknown}
 i - a scroll of magic mapping {unknown}
 j - a scroll of enchant armour {unknown}
 l - a scroll of fog {unknown}
 n - 2 scrolls of identify {unknown}
Potions
 d - 2 potions of might
 k - 2 potions of heal wounds {unknown}
 m - 2 potions of curing {unknown}
Comestibles
 f - 4 rations


   Skills:
 - Level 3.6 Fighting
 * Level 4.1 Axes
 + Level 4.3 Armour
 + Level 4.2 Shields


You had 2 spell levels left.
You didn't know any spells.
Your spell library was empty.

Dungeon Overview and Level Annotations

Branches:
Dungeon (2/15)

Altars:


Innate Abilities, Weirdness & Mutations

You reflexively headbutt those who attack you in melee.
You have a pair of horns on your head.


Message History

You block the bat's attack.
You slash the ogre!
The ogre is moderately wounded.
The ogre closely misses you.
You barely miss the ogre. Your headbutt misses the ogre.
The ogre is moderately wounded.
The ogre hits you with a +0 giant spiked club!
Ouch! That really hurt!
You hit the ogre.
The ogre is moderately wounded.
You block the ogre's attack.
You hit the ogre. Your headbutt misses the ogre.
The ogre is moderately wounded.
The ogre hits you with a +0 giant spiked club.
Your shield prevents you from hitting the ogre.
Your headbutt misses the ogre.
The ogre is moderately wounded.
The ogre hits you with a +0 giant spiked club!!
Ouch! That really hurt!
You die...

#.....### #.#...#
#.....# ###.###.#
#.....# #.......#
......# ###.#####
###..#### #.#
..).....# #.#######
####.##.# #.......#
..##..#.# #######.#
.<###.#.# #.bO@...#
#.......# #.#######
#####..######.#######
# #...............# #
#...............# #
#...............#
#...............#
##..............#
#..............#


You could see an ogre and a bat.

Vanquished Creatures
  An adder (D:2)
  An ooze (D:1)
  A worm (D:2)
  4 dart slugs
  2 leopard geckos
  An orc (D:2)
  3 bats
  3 giant cockroaches (D:1)
  5 goblins (D:1)
  3 hobgoblins
  4 frilled lizards
  3 kobolds
  10 rats
41 creatures vanquished.

Notes
Turn   | Place    | Note
-------+----------+-------------------------------------------
     0 | D:1      | KristoblXynda the Minotaur Fighter began the quest for the
                  | Orb.
     0 | D:1      | Reached XP level 1. HP: 19/19 MP: 0/0
    65 | D:1      | Reached XP level 2. HP: 23/26 MP: 1/1
   204 | D:1      | Reached XP level 3. HP: 23/31 MP: 2/2
  1030 | D:2      | Noticed an ogre
  1049 | D:2      | Mangled by an ogre

Levels and vault maps discovered:
D:1:      onia_arrival_handbag, layout_loops_ring
D:2:      layout_basic

Skill      XL: |  1  2  3 |
---------------+----------+-----
Axes           | 3 4 |  4.1
Shields        | 4 |  4.2
Armour         | 4 |  4.3
Fighting       | |  3.6

Action                   || total
-------------------------++-------
Melee: War axe           ||    98
       Headbutt          ||    16
Armor: Scale mail        ||    52
Dodge: Dodged            ||    31
Block: Shield            ||    43

Table legend:
 A = Non-vault XP
 B = Vault XP
 C = Vault XP percentage of total XP
 D = Non-vault monster count
 E = Vault monster count
 F = Vault count percentage of total count
                 A         B        C        D         E       F
            +---------+---------+-------+---------+---------+-------
      Total |      83 |      10 |  10.8 |      37 |       4 |   9.8
            +---------+---------+-------+---------+---------+-------
        D:1 |      45 |      10 |  18.2 |      24 |       4 |  14.3
        D:2 |      38 |       0 |   0.0 |      13 |       0 |   0.0
            +---------+---------+-------+---------+---------+-------
